ESL (28 & UNDER)
BUTLER WHITE SOX @ BUFFALO LIGHTSABRES
07/21/2028
 
TOP OF THE 1ST
Butler White Sox batting - Pitching for Buffalo LightSabres : RHP Ben Graham
Pitching: RHP Ben Graham
Batting: RHB Jerry Moore 0-0: Foul Ball, location: 2F
0-1: Ball
1-1: Foul Ball, location: 2F
1-2: Ball
2-2: Ball
3-2: Base on Balls
Batting: LHB Josh Pérez 0-0: Called Strike
Jerry Moore is caught stealing 2nd base
0-1: Foul Ball, location: 2F
0-2: Foul Ball, location: 2F
0-2: Ball
1-2: Ball
2-2: Ground out 4-3 (Groundball, 34)
Batting: SHB Giel Molendijk 0-0: Called Strike
0-1: Called Strike
0-2: TRIPLE (Flyball, 8LD)
Pinch Runner at 3rd Félix Fernández:
Batting: RHB Luis Ramos 0-0: Foul Ball, location: 2F
0-1: Foul Ball, location: 2F
0-2: Strikes out looking
Top of the 1st over - 0 run(s), 1 hit(s), 0 error(s), 1 left on base; Butler 0 - Buffalo 0
BOTTOM OF THE 1ST
Buffalo LightSabres batting - Pitching for Butler White Sox : LHP Todd Anderson
Pitching: LHP Todd Anderson
Now in RF: Félix Fernández
Batting: LHB Matt Ruskin 0-0: Ball
1-0: Ball
2-0: Ball
3-0: Base on Balls
Batting: LHB Craig Kenney 0-0: Foul Ball, location: 2F
0-1: Called Strike
0-2: Reached on error, E6 (Groundball, 6)
Matt Ruskin to second
Batting: LHB Garrett King 0-0: Ball
Matt Ruskin steals 3rd base
Craig Kenney to second
1-0: Ground out 4-3 (Groundball, 34D)
Matt Ruskin scores
Craig Kenney to third
Batting: LHB Zack Payton 0-0: Ball
1-0: Swinging Strike
1-1: Ball
2-1: Foul Ball, location: 2F
2-2: Strikes out swinging
Pitching: RHP Steve Newman
Batting: RHB Gabriel Ángel 0-0: Foul Ball, location: 2F
0-1: TRIPLE (Flyball, 8LXD)
Craig Kenney scores
Batting: RHB John Warren 0-0: Ball
1-0: Ball
2-0: Ball
3-0: Base on Balls
Batting: RHB Augusto Padilla 0-0: Ball
1-0: Ball
2-0: Swinging Strike
2-1: Swinging Strike
2-2: Foul Ball, location: 2F
2-2: Foul Ball, location: 2F
2-2: Ball
3-2: Foul Ball, location: 2F
3-2: Base on Balls
John Warren to second
Batting: RHB Mike Wagner 0-0: Ball
1-0: Ball
2-0: DOUBLE (Line Drive, 78M)
Gabriel Ángel scores
John Warren scores
Augusto Padilla to third
Batting: RHB Pedro Romero 0-0: Swinging Strike
0-1: Ball
1-1: Fly out, F8 (Flyball, 8RS)
Bottom of the 1st over - 4 run(s), 2 hit(s), 1 error(s), 2 left on base; Butler 0 - Buffalo 4
TOP OF THE 2ND
Butler White Sox batting - Pitching for Buffalo LightSabres : RHP Ben Graham
Batting: LHB Thomas Dixon 0-0: Ball
1-0: Ground out 4-3 (Groundball, 4)
Batting: RHB Tom Lang 0-0: Foul Ball, location: 2F
0-1: Fly out, F8 (Flyball, 8RM)
Batting: LHB Jim Knight 0-0: Foul Ball, location: 2F
0-1: Foul Ball, location: 2F
0-2: Ball
1-2: Ground out 6-3 (Groundball, 6)
Top of the 2nd over - 0 run(s), 0 hit(s), 0 error(s), 0 left on base; Butler 0 - Buffalo 4
BOTTOM OF THE 2ND
Buffalo LightSabres batting - Pitching for Butler White Sox : RHP Steve Newman
Batting: LHB Matt Ruskin 0-0: Fly out, F9 (Flyball, 9LMF)
Batting: LHB Craig Kenney 0-0: Foul Ball, location: 2F
0-1: Ball
1-1: Ground out 6-3 (Groundball, 6)
Batting: LHB Garrett King 0-0: Swinging Strike
0-1: Foul Ball, location: 2F
0-2: Ground out 4-3 (Groundball, 34)
Bottom of the 2nd over - 0 run(s), 0 hit(s), 0 error(s), 0 left on base; Butler 0 - Buffalo 4
TOP OF THE 3RD
Butler White Sox batting - Pitching for Buffalo LightSabres : RHP Ben Graham
Batting: LHB Sean Perkins 0-0: Swinging Strike
0-1: Swinging Strike
0-2: Foul Ball, location: 2F
0-2: Strikes out swinging
Batting: SHB Tomás Escobar 0-0: Ball
1-0: Called Strike
1-1: Ball
2-1: Called Strike
2-2: Ball
3-2: Base on Balls
Batting: RHB Jerry Moore 0-0: Foul Ball, location: 2F
0-1: Ball
1-1: Ball
2-1: Ball
3-1: Foul Ball, location: 2F
3-2: Base on Balls
Tomás Escobar to second
Batting: LHB Josh Pérez 0-0: Fly out, F2 (Popup, 34S)
Batting: LHB Félix Fernández 0-0: Ball
1-0: Called Strike
1-1: Fielders Choice at 2nd, 4-6 (Groundball, 4)
Top of the 3rd over - 0 run(s), 0 hit(s), 0 error(s), 1 left on base; Butler 0 - Buffalo 4
BOTTOM OF THE 3RD
Buffalo LightSabres batting - Pitching for Butler White Sox : RHP Steve Newman
Batting: LHB Zack Payton 0-0: Foul Ball, location: 2F
0-1: Ball
1-1: Ball
2-1: Foul Ball, location: 2F
2-2: Ball
3-2: Foul Ball, location: 2F
3-2: SINGLE (Groundball, 6S) (infield hit)
Batting: RHB Gabriel Ángel 0-0: Ball
1-0: SINGLE (Groundball, 6MD)
Zack Payton to second
Pitching: RHP Jorge Barrón
Batting: RHB John Warren 0-0: Called Strike
0-1: Ball
1-1: Ball
2-1: Foul Ball, location: 2F
2-2: Strikes out swinging
Batting: RHB Augusto Padilla 0-0: Foul Ball, location: 2F
0-1: Ball
1-1: Ball
2-1: Ball
3-1: Grounds into double play, 4-6-3 (Groundball, 4)
Bottom of the 3rd over - 0 run(s), 2 hit(s), 0 error(s), 1 left on base; Butler 0 - Buffalo 4
TOP OF THE 4TH
Butler White Sox batting - Pitching for Buffalo LightSabres : RHP Ben Graham
Batting: RHB Luis Ramos 0-0: Called Strike
0-1: Fly out, F9 (Flyball, 89M)
Batting: LHB Thomas Dixon 0-0: Ball
1-0: Ball
2-0: Ball
3-0: Base on Balls
Batting: RHB Tom Lang 0-0: Ball
Thomas Dixon steals 2nd base
1-0: Ball
2-0: Foul Ball, location: 2F
2-1: Called Strike
2-2: Foul Ball, location: 2F
2-2: SINGLE (Line Drive, 4MD)
Thomas Dixon to third
Batting: LHB Jim Knight 0-0: Called Strike
0-1: Foul Ball, location: 2F
0-2: Strikes out swinging
Batting: LHB Sean Perkins 0-0: Ball
1-0: Ball
2-0: Ball
3-0: Called Strike
3-1: Base on Balls
Tom Lang to second
Batting: SHB Tomás Escobar 0-0: Ball
1-0: Foul Ball, location: 2F
1-1: Foul Ball, location: 2F
1-2: Strikes out looking
Top of the 4th over - 0 run(s), 1 hit(s), 0 error(s), 3 left on base; Butler 0 - Buffalo 4
BOTTOM OF THE 4TH
Buffalo LightSabres batting - Pitching for Butler White Sox : RHP Jorge Barrón
Batting: RHB Mike Wagner 0-0: Ground out 6-3 (Groundball, 6)
Batting: RHB Pedro Romero 0-0: Ball
1-0: Swinging Strike
1-1: Ball
2-1: Ball
3-1: Base on Balls
Batting: LHB Matt Ruskin 0-0: Fielders Choice at 2nd, 4-6 (Groundball, 34)
Batting: LHB Craig Kenney 0-0: Ball
1-0: Swinging Strike
1-1: Foul Ball, location: 2F
1-2: Ground out 1-3 (Groundball, P)
Bottom of the 4th over - 0 run(s), 0 hit(s), 0 error(s), 1 left on base; Butler 0 - Buffalo 4
TOP OF THE 5TH
Butler White Sox batting - Pitching for Buffalo LightSabres : RHP Ben Graham
Batting: RHB Jerry Moore 0-0: Ball
1-0: Called Strike
1-1: Foul Ball, location: 2F
1-2: Ball
2-2: Fly out, F6 (Popup, 6S)
Batting: LHB Josh Pérez 0-0: Called Strike
0-1: Swinging Strike
0-2: Ball
1-2: Ball
2-2: Strikes out swinging
Batting: LHB Félix Fernández 0-0: Called Strike
0-1: Ball
1-1: SINGLE (Groundball, 4D)
Batting: RHB Luis Ramos 0-0: Swinging Strike
0-1: Fly out, F8 (Flyball, 89M)
Top of the 5th over - 0 run(s), 1 hit(s), 0 error(s), 1 left on base; Butler 0 - Buffalo 4
BOTTOM OF THE 5TH
Buffalo LightSabres batting - Pitching for Butler White Sox : RHP Jorge Barrón
Batting: LHB Garrett King 0-0: Fly out, F9 (Flyball, 9S)
Batting: LHB Zack Payton 0-0: Called Strike
0-1: Ball
1-1: Ball
2-1: Swinging Strike
2-2: Ball
3-2: Foul Ball, location: 2F
3-2: Base on Balls
Batting: RHB Gabriel Ángel 0-0: Foul Ball, location: 2F
0-1: DOUBLE (Line Drive, 9LM)
Zack Payton to third
Batting: RHB John Warren 0-0: Ground out 4-3 (Groundball, 4)
Zack Payton scores
Gabriel Ángel to third
Batting: RHB Augusto Padilla 0-0: Called Strike
0-1: Fly out, F4 (Line Drive, 4D)
Bottom of the 5th over - 1 run(s), 1 hit(s), 0 error(s), 1 left on base; Butler 0 - Buffalo 5
TOP OF THE 6TH
Butler White Sox batting - Pitching for Buffalo LightSabres : RHP Ben Graham
Batting: LHB Thomas Dixon 0-0: Ball
1-0: Ball
2-0: Ball
3-0: Called Strike
3-1: Base on Balls
Batting: RHB Tom Lang 0-0: Called Strike
0-1: Ball
1-1: DOUBLE (Flyball, 78D)
Thomas Dixon to third
Runner from 3rd tries for Home, SAFE, no throw
Pitching: RHP Travis Whitney
Batting: LHB Jim Knight 0-0: Ball
Wild Pitch!
Tom Lang to third
1-0: Ball
2-0: Ball
3-0: Called Strike
3-1: SINGLE (Groundball, 34D)
Tom Lang scores
Batting: LHB Sean Perkins 0-0: Foul Ball, location: 2F
0-1: Swinging Strike
0-2: Ball
1-2: Fly out, F7 (Flyball, 7D)
Batting: SHB Tomás Escobar 0-0: Fielders Choice at 2nd, 6-4 (Groundball, 6M)
Batting: RHB Jerry Moore 0-0: Called Strike
0-1: Fly out, F9 (Flyball, 9S)
Top of the 6th over - 2 run(s), 2 hit(s), 0 error(s), 1 left on base; Butler 2 - Buffalo 5
BOTTOM OF THE 6TH
Buffalo LightSabres batting - Pitching for Butler White Sox : RHP Jorge Barrón
Batting: RHB Mike Wagner 0-0: Foul Ball, location: 2F
0-1: Ball
1-1: Ball
2-1: Swinging Strike
2-2: Strikes out swinging
Batting: RHB Pedro Romero 0-0: Ball
1-0: Ground out 5-3 (Groundball, 56)
Batting: LHB Matt Ruskin 0-0: Ball
1-0: Ball
2-0: Foul Ball, location: 2F
2-1: Foul Ball, location: 2F
2-2: Ball
3-2: Base on Balls
Batting: LHB Craig Kenney 0-0: Called Strike
0-1: Ball
1-1: Called Strike
1-2: Ball
2-2: Ball
3-2: Base on Balls
Matt Ruskin to second
Pitching: RHP Mauro Vásquez
Batting: LHB Garrett King 0-0: Called Strike
0-1: Foul Ball, location: 2F
0-2: Fielders Choice at 2nd, 4-6 (Groundball, 4)
Bottom of the 6th over - 0 run(s), 0 hit(s), 0 error(s), 1 left on base; Butler 2 - Buffalo 5
TOP OF THE 7TH
Butler White Sox batting - Pitching for Buffalo LightSabres : RHP Travis Whitney
Batting: LHB Josh Pérez 0-0: Called Strike
0-1: Foul Ball, location: 2F
0-2: Ball
1-2: Ball
2-2: Foul Ball, location: 2F
2-2: SINGLE (Groundball, 4MD)
Batting: LHB Félix Fernández 0-0: Called Strike
0-1: Fly out, F6 (Popup, 56D)
Batting: RHB Luis Ramos 0-0: Ball
1-0: Ball
2-0: Swinging Strike
2-1: Ball
3-1: Foul Ball, location: 2F
3-2: Foul Ball, location: 2F
3-2: Strikes out looking
Batting: LHB Thomas Dixon 0-0: DOUBLE (Line Drive, 89D)
Josh Pérez to third
Batting: RHB Tom Lang 0-0: Called Strike
0-1: Foul Ball, location: 2F
0-2: Strikes out swinging
Top of the 7th over - 0 run(s), 2 hit(s), 0 error(s), 2 left on base; Butler 2 - Buffalo 5
BOTTOM OF THE 7TH
Buffalo LightSabres batting - Pitching for Butler White Sox : RHP Mauro Vásquez
Batting: LHB Zack Payton 0-0: Foul Ball, location: 2F
0-1: Ball
1-1: Called Strike
1-2: Foul Ball, location: 2F
1-2: Ball
2-2: Strikes out swinging
Batting: RHB Gabriel Ángel 0-0: Called Strike
0-1: Called Strike
0-2: Ball
1-2: Strikes out swinging
Batting: RHB John Warren 0-0: Called Strike
0-1: DOUBLE (Groundball, 3L)
Batting: RHB Augusto Padilla 0-0: SINGLE (Line Drive, 8LS)
John Warren to third
Batting: RHB Mike Wagner 0-0: Ball
1-0: Ball
2-0: Swinging Strike
2-1: Foul Ball, location: 2F
2-2: Ball
3-2: Foul Ball, location: 2F
3-2: Base on Balls
Augusto Padilla to second
Pinch Hitting: SHB Barrett Bowden 0-0: Ball
1-0: Foul Ball, location: 2F
1-1: Fly out, F3 (Popup, 3L)
Bottom of the 7th over - 0 run(s), 2 hit(s), 0 error(s), 3 left on base; Butler 2 - Buffalo 5
TOP OF THE 8TH
Butler White Sox batting - Pitching for Buffalo LightSabres : RHP Travis Whitney
Now at 2B: Barrett Bowden
Batting: LHB Jim Knight 0-0: Called Strike
0-1: Fly out, F5 (Line Drive, 56)
Batting: LHB Sean Perkins 0-0: Ball
1-0: Ball
2-0: Ball
3-0: Base on Balls
Pitching: RHP Gavin Robbins
Batting: SHB Tomás Escobar 0-0: Ball
1-0: Ground out U3 (Groundball, 34)
Sean Perkins to second
Batting: RHB Jerry Moore 0-0: Ball
1-0: Ball
2-0: Called Strike
2-1: Foul Ball, location: 2F
2-2: Fly out, F8 (Line Drive, 8RS)
Top of the 8th over - 0 run(s), 0 hit(s), 0 error(s), 1 left on base; Butler 2 - Buffalo 5
BOTTOM OF THE 8TH
Buffalo LightSabres batting - Pitching for Butler White Sox : RHP Mauro Vásquez
Batting: LHB Matt Ruskin 0-0: Called Strike
0-1: Swinging Strike
0-2: Ball
1-2: Strikes out looking
Batting: LHB Craig Kenney 0-0: Ball
1-0: Ball
2-0: Ball
3-0: Called Strike
3-1: Base on Balls
Batting: LHB Garrett King 0-0: Called Strike
0-1: Foul Ball, location: 2F
0-2: Foul Ball, location: 2F
0-2: Ball
1-2: Grounds into double play, 4-6-3 (Groundball, 4)
Bottom of the 8th over - 0 run(s), 0 hit(s), 0 error(s), 0 left on base; Butler 2 - Buffalo 5
TOP OF THE 9TH
Butler White Sox batting - Pitching for Buffalo LightSabres : RHP Gavin Robbins
Pitching: RHP Pat Jackson
Batting: LHB Josh Pérez 0-0: Ball
1-0: Ball
2-0: Called Strike
2-1: Swinging Strike
2-2: Hit by Pitch
Batting: LHB Félix Fernández 0-0: Ball
1-0: Swinging Strike
1-1: Foul Ball, location: 2F
1-2: Ball
2-2: Foul Ball, location: 2F
2-2: Foul Ball, location: 2F
2-2: Ball
3-2: Ground out 4-3 (Groundball, 4S)
Josh Pérez to second
Batting: RHB Luis Ramos 0-0: Ball
1-0: Ball
2-0: Called Strike
2-1: Ball
3-1: Called Strike
3-2: Foul Ball, location: 2F
3-2: Foul Ball, location: 2F
3-2: Foul Ball, location: 2F
3-2: Foul Ball, location: 2F
3-2: SINGLE (Groundball, 56D)
Josh Pérez to third
Runner from 3rd tries for Home, SAFE, no throw
Batting: LHB Thomas Dixon 0-0: Called Strike
0-1: Ball
1-1: Ball
2-1: Foul Ball, location: 2F
2-2: DOUBLE (Line Drive, 78XD)
Luis Ramos to third
Runner from 3rd tries for Home, SAFE, no throw
Pitching: LHP Bobby MacGruder
Batting: RHB Tom Lang 0-0: Ball
1-0: Ball
2-0: Called Strike
2-1: Ground out 6-3 (Groundball, 6)
Thomas Dixon to third
Pinch Hitting: RHB Cássio Cardenas 0-0: Swinging Strike
0-1: Ball
1-1: Called Strike
1-2: Foul Ball, location: 2F
1-2: Ball
2-2: Strikes out swinging
Top of the 9th over - 2 run(s), 2 hit(s), 0 error(s), 1 left on base; Butler 4 - Buffalo 5
Tuesday, August 8th, 2017 - OOTP Baseball 17.12 Build 75